Stars vs Golden Knights

Created - March 4, 2021 at 19:38

Goals
1 2 3 T
Stars 1 1 1 3
Golden Knights 1 0 0 1
Shots
1 2 3 T
Stars 14 15 9 38
Golden Knights 6 12 9 27

1st period

1. Golden Knights , Thomas Vanek 10 (Andrei Loktionov 36, Michael Frolik 34) at 10:15
2. Stars , Alexander Frolov 10 (B.J. Crombeen 13, Jussi Jokinen 28) at 15:46

Penalties :
Shawn Matthias (Vgs) for Roughing (Minor) at 13:31, Matt Stajan (Vgs) for High sticking (Minor) at 16:27

2nd period

3. Stars , Alex Chiasson 19 (Antoine Vermette 19, Jussi Jokinen 29) at 17:23

Penalties :
Jussi Jokinen (Dal) for Hooking (Minor) at 0:31, Matt Stajan (Vgs) for Cross-checking (Minor) at 1:05

3rd period

4. Stars , Alex Chiasson 20 (Jussi Jokinen 30, Antoine Vermette 20) at 3:21

Penalties :
Patrice Cormier (Vgs) for Hooking (Minor) at 11:11, Nathan Horton (Vgs) for Hooking (Minor) at 15:51

Goalie Stats

Cory Schneider (Dal), 26 saves from 27 shots - (0.963), W, 22-14-0, 60:00 minutes
Ondrej Pavelec (Vgs), 35 saves from 38 shots - (0.921), L, 24-17-6, 60:00 minutes

Players Stats for Stars

Player Name              G  A  P  +/- PIM S  H  SB GA TA FO     MP     PP MP  PK MP  
------------------------------------------------------------------------------------
Alex Chiasson            2  0  2   1  0   3  2  0  0  1  0/0    16:53   3:18   0:00 
Alexander Frolov         1  0  1   1  0   2  1  1  0  0  0/0    11:40   0:00   0:00 
Antoine Vermette         0  2  2   1  0   0  2  1  0  1  4/8    16:53   3:18   0:00 
B.J. Crombeen            0  1  1   1  0   2  1  0  1  0  1/1    11:25   0:00   0:00 
Boris Valabik            0  0  0   1  0   0  0  0  0  0  0/0    19:22   3:19   0:00 
Brian Lee                0  0  0   0  0   5  4  0  1  1  0/0    27:27   5:11   0:34 
Cam Atkinson             0  0  0   0  0   0  0  0  0  1  0/0     8:23   0:00   0:00 
Cory Emmerton            0  0  0   1  0   1  1  0  0  0  3/7    11:40   0:00   0:00 
Evgeny Grachev           0  0  0   0  0   2  0  0  0  0  2/3     8:40   0:00   0:00 
Guillaume Latendresse    0  0  0   0  0   4  3  1  1  1  0/2    23:03   5:12   0:34 
Ian White                0  0  0   0  0   3  0  0  1  3  0/0    27:27   5:11   0:34 
John Tavares             0  0  0   0  0   8  1  1  1  0  21/34  23:04   5:12   0:34 
Jussi Jokinen            0  3  3   1  2   1  2  0  0  0  0/1    17:31   3:52   0:00 
Michael Grabner          0  0  0   0  0   3  0  0  1  0  2/3    20:25   4:38   0:00 
Paul Ladue               0  0  0   1  0   0  0  0  0  0  0/0    13:11   0:00   0:00 
Shane O'Brien            0  0  0   1  0   3  0  1  1  0  0/0    19:22   3:19   0:00 
Ted Purcell              0  0  0   0  0   1  0  0  0  0  0/0     8:23   0:00   0:00 
Tyson Barrie             0  0  0   1  0   0  0  0  1  0  0/0    13:11   0:00   0:00 

Players Stats for Golden Knights

Player Name              G  A  P  +/- PIM S  H  SB GA TA FO     MP     PP MP  PK MP  
------------------------------------------------------------------------------------
Andrei Loktionov         0  1  1   1  0   2  0  0  3  2  7/19   16:46   0:31   0:06 
Chris Tierney            0  0  0   0  0   0  2  0  0  1  3/6    11:20   0:00   0:16 
Ilya Kovalchuk           0  0  0  -2  0   3  2  0  0  0  2/6    18:25   0:31   4:08 
Jared Cowen              0  0  0  -2  0   2  4  1  0  0  0/0    21:14   0:31   4:03 
Mathew Dumba             0  0  0  -1  0   1  0  3  1  1  0/0    19:44   0:03   4:27 
Matt Stajan              0  0  0  -1  4   1  2  0  0  0  6/11   12:35   0:02   0:00 
Michael Frolik           0  1  1   0  0   4  3  2  0  0  1/2    18:50   0:31   3:50 
Michael Kostka           0  0  0   0  0   1  3  0  1  0  0/0    19:09   0:00   0:06 
Nathan Horton            0  0  0   0  2   2  1  0  1  0  0/0    10:33   0:00   0:38 
Patrice Cormier          0  0  0  -1  2   1  0  0  0  1  4/9    12:10   0:00   0:00 
Sergei Plotnikov         0  0  0  -1  0   0  0  0  1  0  1/2    16:01   0:00   4:15 
Shawn Matthias           0  0  0  -1  2   1  0  0  0  0  1/2    13:34   0:00   3:28 
Thomas Vanek             1  0  1   1  0   1  1  1  0  0  0/0    15:16   0:03   0:19 
Vladimir Mihalik         0  0  0   0  0   1  2  2  0  2  0/0    19:34   0:00   4:21 
Vladimir Zharkov         0  0  0  -1  0   0  1  1  0  0  0/0    12:19   0:00   0:00 
Wayne Simmonds           0  0  0  -1  0   5  2  0  0  0  1/2    12:11   0:03   0:00 
Wes O'Neill              0  0  0  -1  0   0  2  3  1  0  0/0    22:27   0:03   4:03 
Zach Bogosian            0  0  0   0  0   2  3  0  0  1  0/0    17:52   0:31   0:00 

3 Stars

1 - Alex Chiasson (Dal)
2 - Cory Schneider (Dal)
3 - Jussi Jokinen (Dal)

Power Play

Stars - 0 on 5 Attempt(s) - 0.00%
Golden Knights - 0 on 1 Attempt(s) - 0.00%

Penalty Kill

Stars - 1 on 1 Attempt(s) - 100.00% - Score 0 goal in Penalty Kill
Golden Knights - 5 on 5 Attempt(s) - 100.00% - Score 0 goal in Penalty Kill

Team Stat

Stars - Hits : 17 - Faceoff Wins : 33 - Blocked Shots : 5 - Penalty Minutes : 2
Golden Knights - Hits : 28 - Faceoff Wins : 26 - Blocked Shots : 13 - Penalty Minutes : 10

Official

Referees : Unknown
Linesman : Unknown

Game Notes

No Game Note

Finance

Level 1 -- Attendance: 6000 (100.00%) -- Ticket Income $558,000
Level 2 -- Attendance: 4737 (94.74%) -- Ticket Income $279,483
Level 3 -- Attendance: 2000 (100.00%) -- Ticket Income $78,000
Level 4 -- Attendance: 4000 (100.00%) -- Ticket Income $108,000
Luxury Box -- Attendance: 1000 (100.00%) -- Ticket Income $160,000
Game was played at the Duff Garden.
Total Attendance: 17737 (98.54%)
Total Ticket Income: $1,183,483
Other Income: $177,522
Total Income: $1,361,005

Stars

5 vs 5 Forward 
   Center                   Left Wing                Right Wing               Time % Phy DF OF 
 1 John Tavares             Guillaume Latendresse    Michael Grabner          40     1   2  2  
 2 Antoine Vermette         Jussi Jokinen            Alex Chiasson            30     1   2  2  
 3 Cory Emmerton            Alexander Frolov         B.J. Crombeen            20     1   2  2  
 4 Evgeny Grachev           Ted Purcell              Cam Atkinson             10     1   2  2  

5 vs 5 Defense 
   Defense                  Defense                                           Time % Phy DF OF 
 1 Ian White                Brian Lee                                         40     1   2  2  
 2 Shane O'Brien            Boris Valabik                                     30     1   2  2  
 3 Tyson Barrie             Paul Ladue                                        20     1   2  2  
 4 Ian White                Brian Lee                                         10     1   2  2  

PowerPlay Forward 
   Center                   Left Wing                Right Wing               Time % Phy DF OF 
 1 John Tavares             Guillaume Latendresse    Michael Grabner          60     0   1  4  
 2 Antoine Vermette         Jussi Jokinen            Alex Chiasson            40     0   1  4  

PowerPlay Defense
   Defense                  Defense                                           Time % Phy DF OF 
 1 Ian White                Brian Lee                                         60     0   1  4  
 2 Shane O'Brien            Boris Valabik                                     40     0   1  4  

Penalty Kill 4 Players Forward 
   Center                   Wing                     Time % Phy DF OF 
 1 John Tavares             Guillaume Latendresse    60     0   3  2  
 2 Jussi Jokinen            Michael Grabner          40     0   3  2  

Penalty Kill 4 Players Defense
   Defense                  Defense                  Time % Phy DF OF 
 1 Ian White                Brian Lee                60     0   3  2  
 2 Shane O'Brien            Boris Valabik            40     0   3  2  

Penalty Kill - 3 Players Forward 
   Forward                                           Time % Phy DF OF 
 1 John Tavares                                      60     0   3  2  
 2 Guillaume Latendresse                             40     0   3  2  

Penalty Kill - 3 Players Defense
   Defense                  Defense                  Time % Phy DF OF 
 1 Ian White                Brian Lee                60     0   3  2  
 2 Shane O'Brien            Boris Valabik            40     0   3  2  

4 vs 4 Forward 
   Center                   Wing                     Time % Phy DF OF 
 1 John Tavares             Guillaume Latendresse    60     0   2  3  
 2 Jussi Jokinen            Michael Grabner          40     0   2  3  

4 vs 4 Defense
   Defense                  Defense                  Time % Phy DF OF 
 1 Ian White                Brian Lee                60     0   2  3  
 2 Shane O'Brien            Boris Valabik            40     0   2  3  

Last Minutes Offensive
   Center                   Left Wing                Right Wing               Defense                  Defense                  
   John Tavares             Guillaume Latendresse    Michael Grabner          Ian White                Brian Lee                

Last Minutes Defensive
   Center                   Left Wing                Right Wing               Defense                  Defense                  
   John Tavares             Guillaume Latendresse    Michael Grabner          Ian White                Brian Lee                

Goaltenders
Starting : Cory Schneider           
Backup : Matt Murray              

Extra Forwards
Normal : Alexander Frolov, Cory Emmerton, Evgeny Grachev - PP : Alexander Frolov, Cory Emmerton - PK : Evgeny Grachev
Extra Defensemen
Normal : Tyson Barrie, Paul Ladue, Shane O'Brien - PP : Tyson Barrie - PK : Paul Ladue, Shane O'Brien
Penalty Shots
John Tavares, Guillaume Latendresse, Jussi Jokinen, Michael Grabner, Antoine Vermette

Scratches
Andrej Sustr (Healthy), Damien Brunner (Healthy)

Golden Knights

5 vs 5 Forward 
   Center                   Left Wing                Right Wing               Time % Phy DF OF 
 1 Andrei Loktionov         Thomas Vanek             Michael Frolik           30     1   2  2  
 2 Matt Stajan              Ilya Kovalchuk           Vladimir Zharkov         25     1   2  2  
 3 Patrice Cormier          Sergei Plotnikov         Wayne Simmonds           25     1   2  2  
 4 Chris Tierney            Shawn Matthias           Nathan Horton            20     1   2  2  

5 vs 5 Defense 
   Defense                  Defense                                           Time % Phy DF OF 
 1 Wes O'Neill              Michael Kostka                                    35     1   2  2  
 2 Vladimir Mihalik         Zach Bogosian                                     35     1   2  2  
 3 Mathew Dumba             Jared Cowen                                       30     1   2  2  
 4 Zach Bogosian            Jared Cowen                                       0      1   2  2  

PowerPlay Forward 
   Center                   Left Wing                Right Wing               Time % Phy DF OF 
 1 Andrei Loktionov         Ilya Kovalchuk           Michael Frolik           50     1   2  2  
 2 Matt Stajan              Thomas Vanek             Wayne Simmonds           50     1   2  2  

PowerPlay Defense
   Defense                  Defense                                           Time % Phy DF OF 
 1 Zach Bogosian            Jared Cowen                                       50     1   2  2  
 2 Wes O'Neill              Mathew Dumba                                      50     1   2  2  

Penalty Kill 4 Players Forward 
   Center                   Wing                     Time % Phy DF OF 
 1 Ilya Kovalchuk           Michael Frolik           50     1   2  2  
 2 Sergei Plotnikov         Shawn Matthias           50     1   2  2  

Penalty Kill 4 Players Defense
   Defense                  Defense                  Time % Phy DF OF 
 1 Wes O'Neill              Jared Cowen              50     1   2  2  
 2 Vladimir Mihalik         Mathew Dumba             50     1   2  2  

Penalty Kill - 3 Players Forward 
   Forward                                           Time % Phy DF OF 
 1 Ilya Kovalchuk                                    60     1   2  2  
 2 Michael Frolik                                    40     1   2  2  

Penalty Kill - 3 Players Defense
   Defense                  Defense                  Time % Phy DF OF 
 1 Vladimir Mihalik         Jared Cowen              69     1   2  2  
 2 Michael Kostka           Mathew Dumba             31     1   2  2  

4 vs 4 Forward 
   Center                   Wing                     Time % Phy DF OF 
 1 Andrei Loktionov         Ilya Kovalchuk           60     1   2  2  
 2 Matt Stajan              Shawn Matthias           40     1   2  2  

4 vs 4 Defense
   Defense                  Defense                  Time % Phy DF OF 
 1 Mathew Dumba             Michael Kostka           60     1   2  2  
 2 Vladimir Mihalik         Jared Cowen              40     1   2  2  

Last Minutes Offensive
   Center                   Left Wing                Right Wing               Defense                  Defense                  
   Andrei Loktionov         Ilya Kovalchuk           Thomas Vanek             Zach Bogosian            Mathew Dumba             

Last Minutes Defensive
   Center                   Left Wing                Right Wing               Defense                  Defense                  
   Matt Stajan              Sergei Plotnikov         Michael Frolik           Jared Cowen              Vladimir Mihalik         

Goaltenders
Starting : Ondrej Pavelec           
Backup : Matt Hackett             

Extra Forwards
Normal : Chris Tierney, Nathan Horton, Thomas Vanek - PP : Chris Tierney, Vladimir Zharkov - PK : Nathan Horton
Extra Defensemen
Normal : Vladimir Mihalik, Mathew Dumba, Michael Kostka - PP : Vladimir Mihalik - PK : Jared Cowen, Michael Kostka
Penalty Shots
Michael Frolik, Ilya Kovalchuk, Andrei Loktionov, Matt Stajan, Wayne Simmonds

Scratches
Jamie Oleksiak (Herniated Disc Injury)

% Time on Ice - Stars

Lines # - Real PCT - Wanted PCT - Time Play
Normal Forward
1 - 33% - 40% - 16:09
2 - 27% - 30% - 13:35
3 - 23% - 20% - 11:24
4 - 17% - 10% - 8:23
Normal Defense
1 - 38% - 40% - 18:45
2 - 32% - 30% - 16:03
3 - 27% - 20% - 13:11
4 - 3% - 10% - 1:32
PP Forward
1 - 61% - 60% - 5:12
2 - 39% - 40% - 3:18
PP Defense
1 - 61% - 60% - 5:11
2 - 39% - 40% - 3:19
PK Forward
1 - 100% - 60% - 0:34
2 - 0% - 40% - 0:00
PK Defense
1 - 100% - 60% - 0:34
2 - 0% - 40% - 0:00
PK3 Forward
1 - 0% - 60%
2 - 0% - 40%
PK3 Defense
1 - 0% - 60%
2 - 0% - 40%
44 Forward
1 - 100% - 60% - 1:25
2 - 0% - 40% - 0:00
44 Defense
1 - 100% - 60% - 1:25
2 - 0% - 40% - 0:00
Last Minute Offensive  - 0:00
Last Minute Defensive  - 0:00
Total
Forward - 60:00
Defense - 60:00

% Time on Ice - Golden Knights

Lines # - Real PCT - Wanted PCT - Time Play
Normal Forward
1 - 31% - 30% - 15:13
2 - 25% - 25% - 12:24
3 - 25% - 25% - 12:08
4 - 20% - 20% - 9:46
Normal Defense
1 - 37% - 35% - 18:21
2 - 31% - 35% - 15:13
3 - 28% - 30% - 13:49
4 - 4% - 0% - 2:08
PP Forward
1 - 91% - 50% - 0:31
2 - 9% - 50% - 0:03
PP Defense
1 - 91% - 50% - 0:31
2 - 9% - 50% - 0:03
PK Forward
1 - 47% - 50% - 3:59
2 - 53% - 50% - 4:31
PK Defense
1 - 49% - 50% - 4:09
2 - 51% - 50% - 4:21
PK3 Forward
1 - 0% - 60%
2 - 0% - 40%
PK3 Defense
1 - 0% - 69%
2 - 0% - 31%
44 Forward
1 - 100% - 60% - 1:25
2 - 0% - 40% - 0:00
44 Defense
1 - 100% - 60% - 1:25
2 - 0% - 40% - 0:00
Last Minute Offensive  - 0:00
Last Minute Defensive  - 0:00
Total
Forward - 60:00
Defense - 60:00

Play-by-Play

1st period


0:01 of 1st period - John Tavares wins face-off versus Andrei Loktionov in neutral zone.
0:04 of 1st period - Slapshot by John Tavares.
0:04 of 1st period - Stopped by Ondrej Pavelec without a rebound.
0:05 of 1st period - John Tavares wins face-off versus Andrei Loktionov in Golden Knights zone.
0:08 of 1st period - Snap shot by John Tavares.
0:08 of 1st period - Stopped by Ondrej Pavelec with a rebound.
0:10 of 1st period - Snap shot by Michael Grabner.
0:10 of 1st period - Shot Blocked by Wes O'Neill.
0:12 of 1st period - Wrist shot by Guillaume Latendresse.
0:12 of 1st period - Shot Misses the Net.
0:14 of 1st period - Snap shot by Michael Grabner.
0:14 of 1st period - Deflect By John Tavares.
0:14 of 1st period - Shot Misses the Net.
0:14 of 1st period - Puck is out of play.
0:15 of 1st period - Antoine Vermette wins face-off versus Matt Stajan in Golden Knights zone.
0:28 of 1st period - Wrist shot by Ilya Kovalchuk.
0:28 of 1st period - Shot Misses the Net.
1:15 of 1st period - Snap shot by John Tavares.
1:15 of 1st period - Deflect By Guillaume Latendresse.
1:15 of 1st period - Shot Misses the Net.
1:15 of 1st period - Puck is out of play.
1:16 of 1st period - Evgeny Grachev wins face-off versus Andrei Loktionov in Golden Knights zone.
1:23 of 1st period - Wrist shot by Cam Atkinson.
1:23 of 1st period - Shot Misses the Net.
1:42 of 1st period - Ian White is hit by Michael Kostka and loses puck.
1:47 of 1st period - Slapshot by Zach Bogosian.
1:47 of 1st period - Deflect By Alex Chiasson.
1:47 of 1st period - Stopped by Cory Schneider with a rebound.
1:49 of 1st period - Snap shot by Zach Bogosian.
1:49 of 1st period - Deflect By Wayne Simmonds.
1:49 of 1st period - Shot Blocked by Antoine Vermette.
1:49 of 1st period - Puck is out of play.
1:50 of 1st period - Matt Stajan wins face-off versus John Tavares in Stars zone.
2:06 of 1st period - Off-side.
2:07 of 1st period - Cory Emmerton wins face-off versus Chris Tierney in neutral zone.
2:14 of 1st period - Wrist shot by B.J. Crombeen.
2:14 of 1st period - Stopped by Ondrej Pavelec without a rebound.
2:15 of 1st period - Cory Emmerton wins face-off versus Chris Tierney in Golden Knights zone.
2:24 of 1st period - Slapshot by Brian Lee.
2:24 of 1st period - Shot Blocked by Mathew Dumba.
2:26 of 1st period - Slapshot by Brian Lee.
2:26 of 1st period - Stopped by Ondrej Pavelec with a rebound.
2:28 of 1st period - Wrist shot by Ian White.
2:28 of 1st period - Stopped by Ondrej Pavelec without a rebound.
2:29 of 1st period - Andrei Loktionov wins face-off versus Antoine Vermette in Golden Knights zone.
3:31 of 1st period - Snap shot by Nathan Horton.
3:31 of 1st period - Deflect By Ted Purcell.
3:31 of 1st period - Stopped by Cory Schneider with a rebound.
3:54 of 1st period - Boris Valabik is hit by Matt Stajan and loses puck.
6:17 of 1st period - Snap shot by Alexander Frolov.
6:17 of 1st period - Shot Blocked by Vladimir Mihalik.
6:23 of 1st period - Cam Atkinson is hit by Vladimir Mihalik.
7:09 of 1st period - Michael Grabner is hit by Michael Kostka and loses puck.
7:23 of 1st period - Off-side.
7:24 of 1st period - Patrice Cormier wins face-off versus Cory Emmerton in neutral zone.
7:55 of 1st period - Off-side.
7:56 of 1st period - Andrei Loktionov wins face-off versus John Tavares in neutral zone.
8:32 of 1st period - Ian White is hit by Michael Frolik and loses puck.
8:51 of 1st period - Zach Bogosian is hit by Jussi Jokinen and loses puck.
9:51 of 1st period - Vladimir Mihalik is hit by Brian Lee and loses puck.
10:04 of 1st period - Brian Lee is hit by Zach Bogosian and loses puck.
10:15 of 1st period - Snap shot by Thomas Vanek.
10:15 of 1st period - Goal by Thomas Vanek - Stars : 0 - Golden Knights : 1.
10:16 of 1st period - John Tavares wins face-off versus Matt Stajan in neutral zone.
10:18 of 1st period - Off-side.
10:19 of 1st period - Matt Stajan wins face-off versus John Tavares in neutral zone.
10:30 of 1st period - Wrist shot by Matt Stajan.
10:30 of 1st period - Stopped by Cory Schneider with a rebound.
10:32 of 1st period - Snap shot by Ilya Kovalchuk.
10:32 of 1st period - Shot Misses the Net.
10:34 of 1st period - Backhand shot by Wes O'Neill.
10:34 of 1st period - Shot Misses the Net.
10:36 of 1st period - Wrist shot by Matt Stajan.
10:36 of 1st period - Shot Misses the Net.
10:52 of 1st period - Slapshot by Alexander Frolov.
10:52 of 1st period - Stopped by Ondrej Pavelec with a rebound.
11:28 of 1st period - Snap shot by Ilya Kovalchuk.
11:28 of 1st period - Stopped by Cory Schneider with a rebound.
11:44 of 1st period - Wrist shot by Evgeny Grachev.
11:44 of 1st period - Shot Misses the Net.
11:50 of 1st period - Snap shot by Evgeny Grachev.
11:50 of 1st period - Stopped by Ondrej Pavelec without a rebound.
11:51 of 1st period - John Tavares wins face-off versus Shawn Matthias in Golden Knights zone.
11:52 of 1st period - Snap shot by Michael Grabner.
11:52 of 1st period - Shot Blocked by Jared Cowen.
12:05 of 1st period - Slapshot by Jared Cowen.
12:05 of 1st period - Shot Blocked by Guillaume Latendresse.
12:07 of 1st period - Snap shot by Jared Cowen.
12:07 of 1st period - Shot Misses the Net.
12:17 of 1st period - Jared Cowen is hit by Antoine Vermette and loses puck.
12:24 of 1st period - Slapshot by Jussi Jokinen.
12:24 of 1st period - Stopped by Ondrej Pavelec without a rebound.
12:25 of 1st period - John Tavares wins face-off versus Wayne Simmonds in Golden Knights zone.
12:50 of 1st period - Brian Lee is hit by Ilya Kovalchuk and loses puck.
13:25 of 1st period - Snap shot by B.J. Crombeen.
13:25 of 1st period - Shot Misses the Net.
13:31 of 1st period - Minor Penalty to Shawn Matthias for Roughing.
13:32 of 1st period - Michael Grabner wins face-off versus Ilya Kovalchuk in Golden Knights zone.
13:35 of 1st period - Snap shot by Michael Grabner.
13:35 of 1st period - Stopped by Ondrej Pavelec with a rebound.
13:37 of 1st period - Wrist shot by Michael Grabner.
13:37 of 1st period - Shot Misses the Net.
13:39 of 1st period - Wrist shot by John Tavares.
13:39 of 1st period - Stopped by Ondrej Pavelec without a rebound.
13:40 of 1st period - Ilya Kovalchuk wins face-off versus John Tavares in Golden Knights zone.
13:55 of 1st period - Snap shot by John Tavares.
13:55 of 1st period - Stopped by Ondrej Pavelec without a rebound.
13:56 of 1st period - John Tavares wins face-off versus Sergei Plotnikov in Golden Knights zone.
14:56 of 1st period - Sergei Plotnikov is hit by Antoine Vermette.
15:24 of 1st period - Icing by Guillaume Latendresse.
15:25 of 1st period - John Tavares wins face-off versus Ilya Kovalchuk in Stars zone.
15:31 of 1st period - Penalty to Shawn Matthias is over, Shawn Matthias is back on ice.
15:46 of 1st period - Wrist shot by Alexander Frolov.
15:46 of 1st period - Goal by Alexander Frolov - Stars : 1 - Golden Knights : 1.
15:47 of 1st period - John Tavares wins face-off versus Patrice Cormier in neutral zone.
16:14 of 1st period - Slapshot by Alex Chiasson.
16:14 of 1st period - Stopped by Ondrej Pavelec with a rebound.
16:16 of 1st period - Snap shot by Shane O'Brien.
16:16 of 1st period - Stopped by Ondrej Pavelec with a rebound.
16:27 of 1st period - Minor Penalty to Matt Stajan for High sticking.
16:28 of 1st period - Ilya Kovalchuk wins face-off versus John Tavares in Golden Knights zone.
16:41 of 1st period - Shawn Matthias is hit by Guillaume Latendresse and loses puck.
18:16 of 1st period - Michael Grabner is hit by Wes O'Neill.
18:27 of 1st period - Penalty to Matt Stajan is over, Matt Stajan is back on ice.
18:42 of 1st period - Slapshot by Jared Cowen.
18:42 of 1st period - Stopped by Cory Schneider without a rebound.
18:43 of 1st period - Wayne Simmonds wins face-off versus Cory Emmerton in Stars zone.
19:35 of 1st period - Guillaume Latendresse is hit by Wes O'Neill and loses puck.
Goals for this period are 1 for Stars vs 1 for Golden Knights.
Shots for this period are 14 for Stars vs 6 for Golden Knights.

2nd period


0:01 of 2nd period - Matt Stajan wins face-off versus Guillaume Latendresse in neutral zone.
0:09 of 2nd period - Brian Lee is hit by Vladimir Zharkov and loses puck.
0:14 of 2nd period - Snap shot by Vladimir Zharkov.
0:14 of 2nd period - Shot Misses the Net.
0:16 of 2nd period - Wrist shot by Mathew Dumba.
0:16 of 2nd period - Stopped by Cory Schneider without a rebound.
0:17 of 2nd period - Patrice Cormier wins face-off versus Antoine Vermette in Stars zone.
0:31 of 2nd period - Minor Penalty to Jussi Jokinen for Hooking.
0:32 of 2nd period - John Tavares wins face-off versus Andrei Loktionov in Stars zone.
0:32 of 2nd period - John Tavares is hit by Jared Cowen.
0:52 of 2nd period - Icing by Jared Cowen.
0:53 of 2nd period - John Tavares wins face-off versus Andrei Loktionov in Golden Knights zone.
1:02 of 2nd period - Snap shot by Guillaume Latendresse.
1:02 of 2nd period - Stopped by Ondrej Pavelec without a rebound.
1:03 of 2nd period - Matt Stajan wins face-off versus John Tavares in Golden Knights zone.
1:05 of 2nd period - Minor Penalty to Matt Stajan for Cross-checking.
1:06 of 2nd period - Andrei Loktionov wins face-off versus John Tavares in Golden Knights zone.
1:18 of 2nd period - Wrist shot by Andrei Loktionov.
1:18 of 2nd period - Stopped by Cory Schneider without a rebound.
1:19 of 2nd period - John Tavares wins face-off versus Andrei Loktionov in Stars zone.
1:26 of 2nd period - Wrist shot by John Tavares.
1:26 of 2nd period - Stopped by Ondrej Pavelec with a rebound.
1:43 of 2nd period - Brian Lee is hit by Ilya Kovalchuk and loses puck.
2:02 of 2nd period - Ilya Kovalchuk is hit by Brian Lee and loses puck.
2:09 of 2nd period - Slapshot by Michael Kostka.
2:09 of 2nd period - Stopped by Cory Schneider with a rebound.
2:19 of 2nd period - Snap shot by John Tavares.
2:19 of 2nd period - Stopped by Ondrej Pavelec with a rebound.
2:31 of 2nd period - Penalty to Jussi Jokinen is over, Jussi Jokinen is back on ice.
2:47 of 2nd period - Snap shot by John Tavares.
2:47 of 2nd period - Shot Misses the Net.
2:49 of 2nd period - Wrist shot by John Tavares.
2:49 of 2nd period - Stopped by Ondrej Pavelec with a rebound.
2:51 of 2nd period - Snap shot by Guillaume Latendresse.
2:51 of 2nd period - Shot Blocked by Wes O'Neill.
2:53 of 2nd period - Snap shot by Brian Lee.
2:53 of 2nd period - Stopped by Ondrej Pavelec with a rebound.
2:55 of 2nd period - Slapshot by Brian Lee.
2:55 of 2nd period - Deflect By Shawn Matthias.
2:55 of 2nd period - Stopped by Ondrej Pavelec with a rebound.
3:05 of 2nd period - Penalty to Matt Stajan is over, Matt Stajan is back on ice.
3:09 of 2nd period - Snap shot by John Tavares.
3:09 of 2nd period - Deflect By Guillaume Latendresse.
3:09 of 2nd period - Shot Misses the Net.
3:09 of 2nd period - Puck is out of play.
3:10 of 2nd period - B.J. Crombeen wins face-off versus Patrice Cormier in Golden Knights zone.
3:17 of 2nd period - Snap shot by Alexander Frolov.
3:17 of 2nd period - Shot Blocked by Vladimir Mihalik.
3:35 of 2nd period - Ted Purcell is hit by Zach Bogosian and loses puck.
3:42 of 2nd period - Backhand shot by Nathan Horton.
3:42 of 2nd period - Shot Blocked by Shane O'Brien.
3:59 of 2nd period - Tyson Barrie is hit by Michael Frolik and loses puck.
5:20 of 2nd period - Slapshot by Michael Frolik.
5:20 of 2nd period - Stopped by Cory Schneider with a rebound.
5:22 of 2nd period - Slapshot by Zach Bogosian.
5:22 of 2nd period - Stopped by Cory Schneider without a rebound.
5:23 of 2nd period - Andrei Loktionov wins face-off versus Jussi Jokinen in Stars zone.
7:19 of 2nd period - B.J. Crombeen is hit by Michael Kostka and loses puck.
7:48 of 2nd period - Andrei Loktionov is hit by Guillaume Latendresse.
8:50 of 2nd period - Wrist shot by Jared Cowen.
8:50 of 2nd period - Stopped by Cory Schneider with a rebound.
9:10 of 2nd period - Slapshot by Michael Frolik.
9:10 of 2nd period - Shot Misses the Net.
9:12 of 2nd period - Snap shot by Michael Frolik.
9:12 of 2nd period - Stopped by Cory Schneider with a rebound.
9:14 of 2nd period - Snap shot by Michael Frolik.
9:14 of 2nd period - Stopped by Cory Schneider with a rebound.
9:40 of 2nd period - Wrist shot by Antoine Vermette.
9:40 of 2nd period - Deflect By Alex Chiasson.
9:40 of 2nd period - Shot Misses the Net.
9:40 of 2nd period - Puck is out of play.
9:41 of 2nd period - Patrice Cormier wins face-off versus John Tavares in Golden Knights zone.
10:53 of 2nd period - Slapshot by Ian White.
10:53 of 2nd period - Deflect By Jared Cowen.
10:53 of 2nd period - Stopped by Ondrej Pavelec without a rebound.
10:54 of 2nd period - Chris Tierney wins face-off versus Cory Emmerton in Golden Knights zone.
10:54 of 2nd period - Chris Tierney is hit by Alexander Frolov.
11:00 of 2nd period - Slapshot by Alexander Frolov.
11:00 of 2nd period - Shot Blocked by Wes O'Neill.
11:02 of 2nd period - Wrist shot by Tyson Barrie.
11:02 of 2nd period - Deflect By B.J. Crombeen.
11:02 of 2nd period - Stopped by Ondrej Pavelec without a rebound.
11:03 of 2nd period - John Tavares wins face-off versus Andrei Loktionov in Golden Knights zone.
11:08 of 2nd period - Slapshot by Michael Grabner.
11:08 of 2nd period - Shot Blocked by Thomas Vanek.
11:42 of 2nd period - Wrist shot by Patrice Cormier.
11:42 of 2nd period - Shot Misses the Net.
11:44 of 2nd period - Wrist shot by Wayne Simmonds.
11:44 of 2nd period - Shot Misses the Net.
12:02 of 2nd period - Backhand shot by Matt Stajan.
12:02 of 2nd period - Shot Misses the Net.
12:04 of 2nd period - Wrist shot by Matt Stajan.
12:04 of 2nd period - Shot Blocked by Alexander Frolov.
12:15 of 2nd period - Off-side.
12:16 of 2nd period - Chris Tierney wins face-off versus Evgeny Grachev in neutral zone.
12:27 of 2nd period - Ted Purcell is hit by Chris Tierney.
12:33 of 2nd period - Evgeny Grachev is hit by Chris Tierney and loses puck.
12:51 of 2nd period - Wrist shot by Vladimir Mihalik.
12:51 of 2nd period - Stopped by Cory Schneider with a rebound.
13:11 of 2nd period - Wrist shot by Evgeny Grachev.
13:11 of 2nd period - Stopped by Ondrej Pavelec with a rebound.
13:13 of 2nd period - Slapshot by Brian Lee.
13:13 of 2nd period - Stopped by Ondrej Pavelec with a rebound.
13:15 of 2nd period - Slapshot by Brian Lee.
13:15 of 2nd period - Stopped by Ondrej Pavelec with a rebound.
13:17 of 2nd period - Snap shot by Ted Purcell.
13:17 of 2nd period - Stopped by Ondrej Pavelec without a rebound.
13:18 of 2nd period - Andrei Loktionov wins face-off versus Michael Grabner in Golden Knights zone.
13:29 of 2nd period - Snap shot by Guillaume Latendresse.
13:29 of 2nd period - Shot Misses the Net.
13:31 of 2nd period - Wrist shot by Michael Grabner.
13:31 of 2nd period - Stopped by Ondrej Pavelec without a rebound.
13:32 of 2nd period - Matt Stajan wins face-off versus Guillaume Latendresse in Golden Knights zone.
14:04 of 2nd period - Andrei Loktionov is hit by Alex Chiasson and loses puck.
14:25 of 2nd period - Snap shot by Wayne Simmonds.
14:25 of 2nd period - Deflect By Patrice Cormier.
14:25 of 2nd period - Stopped by Cory Schneider without a rebound.
14:26 of 2nd period - John Tavares wins face-off versus Patrice Cormier in Stars zone.
14:26 of 2nd period - John Tavares is hit by Wayne Simmonds.
15:15 of 2nd period - Shane O'Brien is hit by Thomas Vanek and loses puck.
15:24 of 2nd period - Slapshot by Andrei Loktionov.
15:24 of 2nd period - Stopped by Cory Schneider without a rebound.
15:25 of 2nd period - John Tavares wins face-off versus Matt Stajan in Stars zone.
15:30 of 2nd period - Vladimir Zharkov is hit by John Tavares.
16:44 of 2nd period - Wrist shot by Wayne Simmonds.
16:44 of 2nd period - Shot Misses the Net.
17:21 of 2nd period - Snap shot by Antoine Vermette.
17:21 of 2nd period - Shot Misses the Net.
17:23 of 2nd period - Snap shot by Alex Chiasson.
17:23 of 2nd period - Goal by Alex Chiasson - Stars : 2 - Golden Knights : 1.
17:24 of 2nd period - John Tavares wins face-off versus Andrei Loktionov in neutral zone.
17:31 of 2nd period - Snap shot by John Tavares.
17:31 of 2nd period - Shot Blocked by Michael Frolik.
17:57 of 2nd period - Slapshot by Alex Chiasson.
17:57 of 2nd period - Shot Blocked by Vladimir Zharkov.
17:59 of 2nd period - Wrist shot by Antoine Vermette.
17:59 of 2nd period - Deflect By Jussi Jokinen.
17:59 of 2nd period - Shot Misses the Net.
17:59 of 2nd period - Puck is out of play.
18:00 of 2nd period - John Tavares wins face-off versus Patrice Cormier in Golden Knights zone.
18:01 of 2nd period - Snap shot by Michael Grabner.
18:01 of 2nd period - Stopped by Ondrej Pavelec without a rebound.
18:02 of 2nd period - Sergei Plotnikov wins face-off versus John Tavares in Golden Knights zone.
18:38 of 2nd period - Wrist shot by Alexander Frolov.
18:38 of 2nd period - Shot Misses the Net.
19:48 of 2nd period - Wrist shot by Wayne Simmonds.
19:48 of 2nd period - Stopped by Cory Schneider without a rebound.
19:49 of 2nd period - Michael Frolik wins face-off versus John Tavares in Stars zone.
Goals for this period are 1 for Stars vs 0 for Golden Knights.
Shots for this period are 15 for Stars vs 12 for Golden Knights.

3rd period


0:01 of 3rd period - John Tavares wins face-off versus Andrei Loktionov in neutral zone.
0:50 of 3rd period - Wrist shot by Andrei Loktionov.
0:50 of 3rd period - Deflect By Michael Frolik.
0:50 of 3rd period - Shot Misses the Net.
0:50 of 3rd period - Puck is out of play.
0:51 of 3rd period - John Tavares wins face-off versus Matt Stajan in Stars zone.
1:36 of 3rd period - Icing by Zach Bogosian.
1:37 of 3rd period - Chris Tierney wins face-off versus Cory Emmerton in Golden Knights zone.
2:04 of 3rd period - Snap shot by Ilya Kovalchuk.
2:04 of 3rd period - Stopped by Cory Schneider without a rebound.
2:05 of 3rd period - Matt Stajan wins face-off versus John Tavares in Stars zone.
3:17 of 3rd period - Off-side.
3:18 of 3rd period - Antoine Vermette wins face-off versus Patrice Cormier in neutral zone.
3:21 of 3rd period - Slapshot by Alex Chiasson.
3:21 of 3rd period - Goal by Alex Chiasson - Stars : 3 - Golden Knights : 1.
3:22 of 3rd period - Antoine Vermette wins face-off versus Andrei Loktionov in neutral zone.
4:41 of 3rd period - Zach Bogosian is hit by Guillaume Latendresse and loses puck.
4:48 of 3rd period - John Tavares is hit by Jared Cowen and loses puck.
5:25 of 3rd period - Snap shot by Cory Emmerton.
5:25 of 3rd period - Stopped by Ondrej Pavelec with a rebound.
5:30 of 3rd period - Off-side.
5:31 of 3rd period - Patrice Cormier wins face-off versus John Tavares in neutral zone.
6:04 of 3rd period - Wrist shot by Michael Frolik.
6:04 of 3rd period - Stopped by Cory Schneider with a rebound.
6:10 of 3rd period - Slapshot by Andrei Loktionov.
6:10 of 3rd period - Deflect By Michael Frolik.
6:10 of 3rd period - Shot Misses the Net.
6:10 of 3rd period - Puck is out of play.
6:11 of 3rd period - John Tavares wins face-off versus Chris Tierney in Stars zone.
6:48 of 3rd period - Boris Valabik is hit by Jared Cowen and loses puck.
7:36 of 3rd period - Mathew Dumba is hit by Cory Emmerton and loses puck.
7:56 of 3rd period - Snap shot by Guillaume Latendresse.
7:56 of 3rd period - Stopped by Ondrej Pavelec without a rebound.
7:57 of 3rd period - Andrei Loktionov wins face-off versus Antoine Vermette in Golden Knights zone.
7:57 of 3rd period - Andrei Loktionov is hit by Brian Lee.
8:03 of 3rd period - Antoine Vermette is hit by Vladimir Mihalik and loses puck.
8:24 of 3rd period - Guillaume Latendresse is hit by Wayne Simmonds and loses puck.
8:29 of 3rd period - Slapshot by Michael Kostka.
8:29 of 3rd period - Shot Misses the Net.
8:31 of 3rd period - Wrist shot by Wayne Simmonds.
8:31 of 3rd period - Stopped by Cory Schneider with a rebound.
8:33 of 3rd period - Snap shot by Wayne Simmonds.
8:33 of 3rd period - Stopped by Cory Schneider with a rebound.
8:35 of 3rd period - Wrist shot by Wayne Simmonds.
8:35 of 3rd period - Shot Misses the Net.
9:14 of 3rd period - Boris Valabik is hit by Zach Bogosian and loses puck.
9:27 of 3rd period - Tyson Barrie is hit by Michael Frolik and loses puck.
9:58 of 3rd period - Slapshot by Wayne Simmonds.
9:58 of 3rd period - Stopped by Cory Schneider with a rebound.
10:00 of 3rd period - Snap shot by Wayne Simmonds.
10:00 of 3rd period - Stopped by Cory Schneider with a rebound.
10:02 of 3rd period - Wrist shot by Sergei Plotnikov.
10:02 of 3rd period - Shot Misses the Net.
10:14 of 3rd period - Michael Kostka is hit by B.J. Crombeen and loses puck.
10:21 of 3rd period - Cory Emmerton is hit by Matt Stajan and loses puck.
10:32 of 3rd period - Tyson Barrie is hit by Nathan Horton and loses puck.
10:37 of 3rd period - Snap shot by Chris Tierney.
10:37 of 3rd period - Shot Misses the Net.
10:39 of 3rd period - Snap shot by Shawn Matthias.
10:39 of 3rd period - Stopped by Cory Schneider without a rebound.
10:40 of 3rd period - John Tavares wins face-off versus Andrei Loktionov in Stars zone.
10:51 of 3rd period - Wrist shot by John Tavares.
10:51 of 3rd period - Shot Blocked by Mathew Dumba.
10:53 of 3rd period - Wrist shot by John Tavares.
10:53 of 3rd period - Shot Blocked by Michael Frolik.
10:55 of 3rd period - Slapshot by Michael Grabner.
10:55 of 3rd period - Shot Blocked by Mathew Dumba.
11:05 of 3rd period - Patrice Cormier is hit by Jussi Jokinen and loses puck.
11:11 of 3rd period - Minor Penalty to Patrice Cormier for Hooking.
11:12 of 3rd period - John Tavares wins face-off versus Ilya Kovalchuk in Golden Knights zone.
11:34 of 3rd period - Slapshot by Shawn Matthias.
11:34 of 3rd period - Shot Blocked by John Tavares.
11:45 of 3rd period - Off-side.
11:46 of 3rd period - Antoine Vermette wins face-off versus Michael Frolik in neutral zone.
13:11 of 3rd period - Penalty to Patrice Cormier is over, Patrice Cormier is back on ice.
13:37 of 3rd period - Slapshot by Ian White.
13:37 of 3rd period - Stopped by Ondrej Pavelec without a rebound.
13:38 of 3rd period - Evgeny Grachev wins face-off versus Andrei Loktionov in Golden Knights zone.
14:25 of 3rd period - Wrist shot by Guillaume Latendresse.
14:25 of 3rd period - Stopped by Ondrej Pavelec with a rebound.
14:27 of 3rd period - Wrist shot by Guillaume Latendresse.
14:27 of 3rd period - Stopped by Ondrej Pavelec with a rebound.
14:29 of 3rd period - Snap shot by Shane O'Brien.
14:29 of 3rd period - Stopped by Ondrej Pavelec without a rebound.
14:30 of 3rd period - Andrei Loktionov wins face-off versus Antoine Vermette in Golden Knights zone.
14:30 of 3rd period - Andrei Loktionov is hit by Alex Chiasson.
15:00 of 3rd period - Snap shot by John Tavares.
15:00 of 3rd period - Stopped by Ondrej Pavelec with a rebound.
15:02 of 3rd period - Slapshot by Shane O'Brien.
15:02 of 3rd period - Stopped by Ondrej Pavelec with a rebound.
15:04 of 3rd period - Slapshot by Boris Valabik.
15:04 of 3rd period - Shot Misses the Net.
15:29 of 3rd period - Wrist shot by Nathan Horton.
15:29 of 3rd period - Stopped by Cory Schneider without a rebound.
15:30 of 3rd period - Shawn Matthias wins face-off versus John Tavares in Stars zone.
15:30 of 3rd period - Zach Bogosian is hit by Brian Lee and loses puck.
15:51 of 3rd period - Minor Penalty to Nathan Horton for Hooking.
15:52 of 3rd period - Michael Grabner wins face-off versus Ilya Kovalchuk in Golden Knights zone.
17:51 of 3rd period - Penalty to Nathan Horton is over, Nathan Horton is back on ice.
17:57 of 3rd period - Wrist shot by Ilya Kovalchuk.
17:57 of 3rd period - Stopped by Cory Schneider without a rebound.
17:58 of 3rd period - Cory Emmerton wins face-off versus Matt Stajan in Stars zone.
17:58 of 3rd period - Cory Emmerton is hit by Jared Cowen.
Goals for this period are 1 for Stars vs 0 for Golden Knights.
Shots for this period are 9 for Stars vs 9 for Golden Knights.